 Dungeon Sprint DCSS version 0.17-a0-1748-g222fba8 (console) character file.

4000000 hexophile the Intangible (level 25, -8/163 HPs)
             Began as a Spriggan Warper on Sept 1, 2015.
             Was the Champion of Makhleb.
             Mangled by The Servant
             ... wielding a +9 glaive of flaming
              (40 damage)
             ... in the Dungeon (Sprint VIII: "Arena of Blood").
             The game lasted 00:01:58 (40 turns).

hexophile the Intangible (Spriggan Warper)            Turns: 40, Time: 00:01:58

Health: -8/163     AC:  4    Str:  7    XL:     25   Next: 42%
Magic:  11/55      EV: 44    Int: 17    God:    Makhleb [******]
Gold:   0          SH:  0    Dex: 25    Spells: 1 memorised, 77 levels left

rFire  . . .     SeeInvis +     k - +∞ Axe of Woe
rCold  . . .     Clarity  .     a - +0 robe
rNeg   . . .     SustAt   .     (shield restricted)
rPois  .         Gourm    .     (helmet restricted)
rElec  .         Spirit   .     (no cloak)
rCorr  .         Warding  .     (gloves unavailable)
rMut   .         NoTele   +     (boots unavailable)
MR     ++++.                    (no amulet)
Stlth  ++++++++++               (no ring)
                                (no ring)

@: very quick, incredibly resistant to hostile enchantments, uncannily stealthy
A: unfitting armour, see invisible, herbivore 3, speed 3, slow metabolism 2
a: Minor Destruction, Lesser Servant of Makhleb, Major Destruction, Greater
Servant of Makhleb, Renounce Religion


You were in the Dungeon.
You worshipped Makhleb.
Makhleb was exalted by your worship.
You were not hungry.

You visited 1 branch

Inventory:

Hand weapons
 k - the +∞ Axe of Woe (weapon)
   (You found it in the Dungeon)
Missiles
 d - 5 tomahawks of dispersal (quivered)
Armour
 a - a +0 robe (worn)
Scrolls
 c - 2 scrolls of blinking
Potions
 f - a potion of curing
 g - a potion of heal wounds
 h - a potion of haste
 i - 2 potions of magic
 j - a potion of berserk rage
Books
 b - a book of Spatial Translocations

   Spells                             Type                      Level
   a - Apportation                    Translocation                1
   b - Blink                          Translocation                2
   c - Shroud of Golubria             Charms/Translocation         2
   d - Portal Projectile              Translocation                3
   e - Teleport Other                 Translocation                3
   f - Passage of Golubria            Translocation                4
Comestibles
 e - a bread ration


   Skills:
 O Level 27 Fighting
 O Level 27 Axes
 O Level 27 Throwing
 O Level 27 Armour
 O Level 27 Dodging
 O Level 27 Stealth
 O Level 27 Unarmed Combat
 O Level 27 Spellcasting
 O Level 27 Translocations
 O Level 27 Invocations


You had 77 spell levels left.
You knew the following spells:

 Your Spells              Type           Power        Failure   Level  Hunger
a - Apportation           Tloc           #######...   0%          1    None


Dungeon Overview and Level Annotations

Branches:
Dungeon (1/1)

Altars:
Makhleb

Annotations:
D The Servant


Innate Abilities, Weirdness & Mutations

You are tiny and cannot use many weapons and most armour.
You have supernaturally acute eyesight.
You are a herbivore.
You cover ground extremely quickly.
You need consume almost no food.


Message History

You hit the crawling corpse but do no damage.
You cleave the crawling corpse in twain.
You destroy the crawling corpse!
You slash the large bag of meat!
You slaughter the large bag of meat joyfully.
The large bag of meat explodes!
The fiery explosion engulfs you!
The fiery explosion engulfs The Servant.
The fiery explosion engulfs the bag of meat.
The fiery explosion engulfs the meat berserker.
The fiery explosion engulfs the large abomination. x2
Makhleb accepts your kill.
You feel better.
You are engulfed in roaring flames.
You hear a shout! x4
The Servant is engulfed in roaring flames.
The Servant hits you from afar with a +9 glaive of flaming!!!!
Ouch! That really hurt!
* * * LOW HITPOINT WARNING * * *
The Servant burns you!!!
You die...

................### ...
.......#...)...._. ...
.....#..x....#.... ...
###zo..x....)#_.<. %
..o##.%.o#X.)....#....
%.. #...x.xxx#........_.
.%%.#.o§X.)))).......###
.....§§§)§.x)x..###....
.....§§@§xx)x.....#.....
....%§§§§§x.......#.....
.....@§OX#.%............
...VO.Co#.#.#.......
...o.....#.#........
oo###...# #.#...... .
##o.. #.....# #..V ....


You could see The Servant, 2 destroyers, a sculptor of flesh, a large bag of
meat (inner flame), 3 large abominations, 2 meat berserkers, 2 small
abominations and 9 bags of meat.

Vanquished Creatures
  A vampire knight (D)
  15 ogres (D)
  30 orcs (D)
  4 hill giants (D)
  2 crawling corpses (D)
52 creatures vanquished.

Notes
Turn   | Place    | Note
--------------------------------------------------------------
     0 | D        | hexophile the Spriggan Warper began the quest for the Orb.
     0 | D        | Reached XP level 1. HP: 10/10 MP: 5/5
     3 | D        | Noticed a bag of meat
     4 | D        | Became a worshipper of Makhleb the Destroyer
     5 | D        | Noticed a bag of meat
     7 | D        | Noticed a bag of meat
     7 | D        | Noticed a meat berserker
     8 | D        | Noticed a bag of meat
     9 | D        | Killed a bag of meat
     9 | D        | Reached skill level 9 in Fighting
     9 | D        | Reached skill level 11 in Throwing
     9 | D        | Reached skill level 14 in Dodging
     9 | D        | Reached skill level 15 in Translocations
     9 | D        | Reached XP level 2. HP: 12/23 MP: 5/16
     9 | D        | Reached XP level 3. HP: 14/27 MP: 5/18
     9 | D        | Reached XP level 4. HP: 16/32 MP: 5/19
     9 | D        | Reached XP level 5. HP: 18/36 MP: 5/21
     9 | D        | Reached XP level 6. HP: 20/40 MP: 5/22
     9 | D        | Reached XP level 7. HP: 22/44 MP: 5/24
     9 | D        | Reached XP level 8. HP: 24/49 MP: 5/25
     9 | D        | Reached XP level 9. HP: 25/53 MP: 5/26
     9 | D        | Reached XP level 10. HP: 27/58 MP: 5/27
     9 | D        | Reached XP level 11. HP: 28/62 MP: 5/28
    10 | D        | Noticed a meat berserker
    10 | D        | Killed a bag of meat
    10 | D        | Acquired Makhleb's first power
    10 | D        | Reached skill level 10 in Fighting
    10 | D        | Reached skill level 10 in Axes
    10 | D        | Reached skill level 16 in Dodging
    10 | D        | Reached skill level 10 in Unarmed Combat
    10 | D        | Reached skill level 17 in Translocations
    10 | D        | Reached XP level 12. HP: 30/69 MP: 5/31
    12 | D        | Noticed a meat berserker
    12 | D        | Noticed a meat berserker
    13 | D        | Noticed a bag of meat
    14 | D        | Noticed a meat berserker
    14 | D        | Noticed a bag of meat
    15 | D        | Noticed a bag of meat
    15 | D        | Noticed a meat berserker
    16 | D        | Noticed a meat berserker
    16 | D        | Killed a meat berserker
    16 | D        | Reached skill level 15 in Throwing
    16 | D        | Reached skill level 19 in Dodging
    16 | D        | Reached XP level 13. HP: 32/76 MP: 6/34
    16 | D        | Reached XP level 14. HP: 34/81 MP: 6/35
    17 | D        | Noticed a bag of meat
    17 | D        | Noticed a meat berserker
    17 | D        | Killed a meat berserker
    17 | D        | Acquired Makhleb's second power
    17 | D        | Reached skill level 21 in Dodging
    17 | D        | Reached XP level 15. HP: 35/87 MP: 6/38
    17 | D        | Killed a meat berserker
    17 | D        | Reached skill level 22 in Dodging
    17 | D        | Reached skill level 23 in Translocations
    18 | D        | Noticed a bag of meat
    18 | D        | Noticed a bag of meat
    18 | D        | Noticed a meat berserker
    18 | D        | Noticed a bag of meat
    19 | D        | Killed a meat berserker
    19 | D        | Acquired Makhleb's third power
    19 | D        | Reached skill level 15 in Fighting
    19 | D        | Reached skill level 15 in Axes
    19 | D        | Reached skill level 24 in Dodging
    19 | D        | Reached skill level 15 in Unarmed Combat
    19 | D        | Reached XP level 16. HP: 91/96 MP: 6/42
    19 | D        | Killed a bag of meat
    19 | D        | Reached skill level 15 in Armour
    19 | D        | Reached skill level 25 in Dodging
    20 | D        | Noticed a bag of meat
    20 | D        | Killed a meat berserker
    20 | D        | Acquired Makhleb's fourth power
    20 | D        | Reached skill level 26 in Dodging
    20 | D        | Reached XP level 17. HP: 95/102 MP: 7/44
    20 | D        | Killed a meat berserker
    20 | D        | Reached skill level 27 in Dodging
    20 | D        | Reached skill level 27 in Translocations
    21 | D        | Noticed a bag of meat
    21 | D        | Noticed a bag of meat
    21 | D        | Noticed a large bag of meat
    21 | D        | Noticed a bag of meat
    21 | D        | Killed a meat berserker
    21 | D        | Reached XP level 18. HP: 106/112 MP: 7/48
    22 | D        | Noticed a bag of meat
    22 | D        | Killed a bag of meat
    22 | D        | Acquired Makhleb's fifth power
    22 | D        | Killed a bag of meat
    22 | D        | Killed a bag of meat
    22 | D        | Reached skill level 27 in Spellcasting
    22 | D        | Reached XP level 19. HP: 116/119 MP: 7/51
    23 | D        | Noticed a bag of meat
    23 | D        | Noticed a bag of meat
    23 | D        | Noticed a meat berserker
    24 | D        | Killed a bag of meat
    24 | D        | Killed a meat berserker
    24 | D        | Killed a bag of meat
    24 | D        | Reached skill level 27 in Throwing
    25 | D        | Noticed a bag of meat
    25 | D        | Noticed a destroyer
    25 | D        | Noticed a bag of meat
    25 | D        | Noticed a bag of meat
    26 | D        | Noticed a bag of meat
    26 | D        | Noticed a meat berserker
    26 | D        | Noticed a meat berserker
    26 | D        | Noticed a bag of meat
    26 | D        | Killed a bag of meat
    26 | D        | Reached XP level 20. HP: 127/129 MP: 8/52
    26 | D        | Killed a destroyer
    26 | D        | Killed a bag of meat
    26 | D        | Noticed a bag of meat
    27 | D        | Noticed a bag of meat
    27 | D        | Killed a meat berserker
    27 | D        | Killed a bag of meat
    27 | D        | Reached XP level 21. HP: 140/140 MP: 8/53
    27 | D        | Killed a bag of meat
    28 | D        | Noticed a bag of meat
    28 | D        | Noticed a bag of meat
    28 | D        | Killed a meat berserker
    28 | D        | Reached skill level 27 in Fighting
    28 | D        | Reached skill level 27 in Axes
    28 | D        | Reached skill level 27 in Unarmed Combat
    28 | D        | Killed a bag of meat
    28 | D        | Reached skill level 27 in Armour
    29 | D        | Noticed a large bag of meat
    29 | D        | Noticed a meat berserker
    29 | D        | Noticed a bag of meat
    29 | D        | Noticed a bag of meat
    30 | D        | Noticed a bag of meat
    30 | D        | Noticed a bag of meat
    30 | D        | Noticed a bag of meat
    30 | D        | Noticed a bag of meat
    30 | D        | Noticed a meat berserker
    31 | D        | Noticed a large bag of meat
    31 | D        | Killed a meat berserker
    31 | D        | Reached XP level 22. HP: 148/148 MP: 9/54
    31 | D        | Killed a bag of meat
    32 | D        | Noticed a bag of meat
    32 | D        | Noticed a large bag of meat
    32 | D        | Noticed a bag of meat
    32 | D        | Noticed The Servant
    32 | D        | Noticed a meat berserker
    32 | D        | Noticed a large bag of meat
    32 | D        | Killed a bag of meat
    32 | D        | Reached skill level 27 in Stealth
    32 | D        | Killed a bag of meat
    32 | D        | Killed a bag of meat
    32 | D        | Reached skill level 27 in Invocations
    32 | D        | Killed a bag of meat
    33 | D        | Noticed a bag of meat
    34 | D        | Noticed a meat berserker
    34 | D        | Killed a meat berserker
    34 | D        | Reached XP level 23. HP: 153/153 MP: 10/55
    34 | D        | Killed a bag of meat
    34 | D        | Killed a bag of meat
    35 | D        | Killed a bag of meat
    35 | D        | Killed a large bag of meat
    35 | D        | Killed a bag of meat
    36 | D        | Noticed a bag of meat
    36 | D        | Noticed a meat berserker
    36 | D        | Killed a large bag of meat
    36 | D        | Killed a meat berserker
    36 | D        | Killed a bag of meat
    36 | D        | Reached XP level 24. HP: 158/158 MP: 10/55
    37 | D        | Noticed a destroyer
    37 | D        | Killed a bag of meat
    37 | D        | Killed a bag of meat
    38 | D        | Noticed a sculptor of flesh
    38 | D        | Killed a meat berserker
    38 | D        | Killed a bag of meat
    39 | D        | Noticed a bag of meat
    39 | D        | Noticed a bag of meat
    39 | D        | Noticed a bag of meat
    39 | D        | Killed a large bag of meat
    39 | D        | Killed a meat berserker
    39 | D        | Killed a bag of meat
    39 | D        | Reached XP level 25. HP: 163/163 MP: 11/55
    39 | D        | Killed a bag of meat
    39 | D        | Killed a bag of meat
    39 | D        | Noticed a destroyer
    40 | D        | Noticed a bag of meat
    40 | D        | Killed a bag of meat
    40 | D        | Killed a large bag of meat
    40 | D        | Mangled by The Servant

Vault maps used:
D:        meatsprint

Action                   |  1- 3 |  4- 6 |  7- 9 | 10-12 | 13-15 | 16-18 | 19-21 | 22-24 | 25-27 || total
-------------------------+-------+-------+-------+-------+-------+-------+-------+-------+-------++-------
Melee: Broad axe         |     1 |       |       |     2 |     2 |     3 |     5 |     7 |     1 ||    21
